 Dungeon Crawl Stone Soup version 0.20.0-15-g7f486f2 (console) character file.

135 krone the Sneak (level 5, -1/31 HPs)
             Began as a Halfling Air Elementalist on June 30, 2017.
             Slain by a leopard gecko (3 damage)
             ... on level 3 of the Dungeon.
             The game lasted 00:13:26 (1569 turns).

krone the Sneak (Halfling Air Elementalist)         Turns: 1569, Time: 00:13:27

Health: -1/31      AC:  3    Str:  9    XL:     5   Next: 42%
Magic:  0/7        EV: 16    Int: 14    God:
Gold:   116        SH:  0    Dex: 15    Spells: 6/7 levels left

rFire    . . .     SeeInvis .   s - +1 dagger (venom)
rCold    . . .     Gourm    .   (shield restricted)
rNeg     . . .     Faith    .   a - +0 robe
rPois    .         Spirit   .   (no helmet)
rElec    .         Reflect  .   (no cloak)
rCorr    .         Harm     .   i - +0 pair of gloves
MR       .....                  (no boots)
Stlth    +++.......             (no amulet)
Regen    0.1/turn               (no ring)
MPRegen  0.1/turn               (no ring)

@: no status effects
A: mutation resistance 1
a: no special abilities


You were on level 3 of the Dungeon.
You were very hungry.

You visited 1 branch of the dungeon, and saw 3 of its levels.

You collected 116 gold pieces.

Inventory:

Hand Weapons
 f - a +0 dagger
 s - a +1 dagger of venom (weapon)
 u - a +0 mace of holy wrath
Missiles
 h - 15 poisoned needles
Armour
 a - a +0 robe (worn)
 i - a +0 pair of gloves (worn)
 o - a cursed +0 leather armour
Wands
 e - a wand of paralysis (10/24)
Scrolls
 d - a scroll of identify
 k - a scroll of remove curse
Potions
 m - a potion of mutation
 r - a potion of degeneration
 z - 2 potions of berserk rage
Books
 b - a book of Air

   Spells                             Type                      Level
   a - Shock                          Conjuration/Air              1
   b - Swiftness                      Charms/Air                   2
   c - Static Discharge               Conjuration/Air              3
   d - Airstrike                      Air                          4
   e - Lightning Bolt                 Conjuration/Air              5
Comestibles
 c - 2 bread rations
 A - a fruit


   Skills:
 + Level 3.4 Dodging
 + Level 4.3 Stealth
 - Level 1.5 Spellcasting
 - Level 0.7 Conjurations
 + Level 4.0 Air Magic


You had 6 spell levels left.
You knew the following spells:

 Your Spells              Type           Power        Failure   Level  Hunger
a - Shock                 Conj/Air       #...         10%         1    ##.....


Dungeon Overview and Level Annotations

Branches:
Dungeon (3/15)

Altars:

Portals:
Sewer: D:3

Annotations:
D:3 cossakc's ghost, amateur MfGl


Innate Abilities, Weirdness & Mutations

You are small and have problems with some larger weapons.
You are somewhat resistant to further mutation.


Message History

Casting: Shock
Confirm with . or Enter, or press ? or * to list all spells.
You don't have enough magic to cast that spell.
You closely miss the leopard gecko.
The leopard gecko is heavily wounded.
The leopard gecko bites you.
* * * LOW HITPOINT WARNING * * *
The giant cockroach closely misses you.
The giant cockroach completely misses you.
Unknown command.
Unknown command.
You hit the leopard gecko but do no damage.
The leopard gecko is poisoned.
The leopard gecko is heavily wounded.
The leopard gecko bites you.
* * * LOW HITPOINT WARNING * * *
The giant cockroach splashes around in the water.
The giant cockroach bites you but does no damage.
The leopard gecko bites you.
You die...

##≈..##.# ##......
#≈≈..##.# #......
#≈≈#....######.....
#≈≈≈#≈≈#...............
#≈≈≈#≈†#..#######......
#≈.≈#≈≈#..# ...#
#≈∩≈#≈≈#..# #
#≈.≈#≈≈#..# ...
#≈≈≈#s@#..# ..#
#≈..sl#?.# ...
##..≈##.. .# ##### ..
.# # #


You could see a leopard gecko and 2 giant cockroaches.

Vanquished Creatures
  Robin (D:3)
  4 adders (D:3)
  An ooze (D:3)
  2 worms (D:2)
  3 leopard geckos
  4 orcs (D:3)
  9 bats
  10 giant cockroaches
  13 goblins
  7 hobgoblins
  3 frilled lizards
  5 kobolds
  9 rats
71 creatures vanquished.

Notes
Turn   | Place    | Note
-------+----------+-------------------------------------------
     0 | D:1      | krone the Halfling Air Elementalist began the quest for the Orb.
     0 | D:1      | Reached XP level 1. HP: 11/11 MP: 3/3
   146 | D:1      | Reached XP level 2. HP: 14/17 MP: 2/4
   601 | D:1      | Reached XP level 3. HP: 21/21 MP: 3/5
  1263 | D:3      | Reached XP level 4. HP: 23/27 MP: 4/6
  1323 | D:3      | Noticed cossakc's ghost (amateur MfGl)
  1340 | D:3      | Noticed Robin
  1390 | D:3      | HP: 1/27 [orc (4)]
  1467 | D:3      | Killed Robin
  1491 | D:3      | Reached XP level 5. HP: 8/31 MP: 7/7
  1561 | D:3      | Found a glowing drain.
  1569 | D:3      | Slain by a leopard gecko

Skill      XL: |  1  2  3  4  5 |
---------------+----------------+-----
Stealth        | 3 4 |  4.3
Dodging        | 3 |  3.4
Air Magic      | 4 |  4.0
Spellcasting   | |  1.5
Conjurations   | |  0.7

Action                   |  1- 3 |  4- 6 || total
-------------------------+-------+-------++-------
Melee: Dagger            |    48 |    71 ||   119
 Cast: Shock             |    47 |    19 ||    66
Evoke: Wand              |       |     1 ||     1
  Use: Scroll            |    13 |     1 ||    14
       Potion            |       |     6 ||     6
 Stab: Sleeping          |     1 |       ||     1
       Paralysed         |       |     2 ||     2
  Eat: Chunk             |     2 |     1 ||     3
Armor: Robe              |    20 |    19 ||    39
Dodge: Dodged            |    71 |   115 ||   186
